 Dungeon Crawl Stone Soup version 0.21.1-1-g345015f (webtiles) character file.

13023 shadizar the Protected (level 12, -2/77 HPs)
             Began as a Gargoyle Fighter on June 14, 2018.
             Was a Priest of Okawaru.
             Killed from afar by a lich (70 damage)
             ... with a bolt of fire
             ... on level 3 of the Abyss.
             The game lasted 00:34:31 (9932 turns).

shadizar the Protected (Gargoyle Fighter)           Turns: 9932, Time: 00:34:31

Health: -2/77      AC: 50    Str: 22    XL:     12   Next: 1%
Magic:  12/12      EV: 10    Int:  5    God:    Okawaru [***...]
Gold:   581        SH: 12    Dex: 11    Spells: 11/11 levels left

rFire    . . .     SeeInvis .   X - +5 scimitar "Gargoyle's Peril" {flame, -Tele +Rage rN+++ Int-5}
rCold    . . .     Gourm    .   c - +0 shield
rNeg     + + +     Faith    .   W - +27 Lear's hauberk
rPois    ∞         Spirit   .   (helmet currently unavailable)
rElec    +         Reflect  .   e - +2 cloak
rCorr    .         Harm     .   (gloves currently unavailable)
MR       .....     NoTele   +   (boots currently unavailable)
Stlth    ..........             (no amulet)
HPRegen  0.22/turn              o - ring of stealth
MPRegen  0.13/turn              t - ring of positive energy

@: no status effects
A: negative energy resistance 1, electricity resistance, unbreathing,
petrification resistance, rot immunity, AC +8
a: Heroism, Renounce Religion, Evoke Berserk Rage


You were on level 3 of the Abyss.
You worshipped Okawaru.
Okawaru was most pleased with you.
You were not hungry.

You visited 2 branches of the dungeon, and saw 10 of its levels.
You visited the Abyss 1 time.
You also visited: Sewer.

You collected 581 gold pieces.

Inventory:

Hand Weapons
 a - a +0 flail of flaming
 D - a +3 war axe of chopping
 F - a +0 trident of piercing
 H - a +1 whip of flaming
 N - the +5 dagger of Profit {distort, Str+6}
   (You found it on level 7 of the Dungeon)

   It warps and distorts space around it.
   Unwielding it can cause banishment or high damage.
   It affects your strength (+6).
 P - a +0 vampiric spear
 R - a +1 battleaxe of electrocution
 X - the +5 scimitar "Gargoyle's Peril" (weapon) {flame, -Tele +Rage rN+++ Int-5}
   (You found it on level 7 of the Dungeon)

   It has been specially enchanted to burn those struck by it, causing extra
   injury to most foes and up to half again as much damage against particularly
   susceptible opponents.
   Big, fiery blades are also staple armaments of hydra-hunters.
   It affects your intelligence (-5).
   It renders you almost immune to negative energy.
   It lets you go berserk.
   It prevents most forms of teleportation.
Missiles
 y - 3 tomahawks of returning (quivered)
 E - 16 tomahawks
Armour
 c - a +0 shield (worn)
 e - a +2 cloak (worn)
 r - a +0 chain mail
 A - a +1 pair of boots
 B - a +1 hat
 S - a +0 plate armour
 W - the +27 Lear's hauberk (worn)
   (You found it on level 9 of the Dungeon)
Jewellery
 h - a +2 ring of strength
 j - an uncursed ring of stealth
 o - a ring of stealth (left hand)
 s - an uncursed ring of protection from fire
 t - a ring of positive energy (right hand)
 u - an uncursed ring of protection from cold
 G - an uncursed ring of flight
Wands
 b - a wand of paralysis (14)
 g - a wand of scattershot (4)
 J - a wand of acid (7)
 M - a wand of polymorph (18)
 U - a wand of enslavement (18)
Scrolls
 l - 6 scrolls of teleportation
 n - 2 scrolls of amnesia
 x - 3 scrolls of remove curse
 I - 3 scrolls of fear
 K - a scroll of fog
 O - a scroll of blinking
Potions
 d - 2 potions of might
 i - 2 potions of heal wounds
 k - 2 potions of berserk rage
 m - 2 potions of cancellation
 p - 5 potions of curing
 q - 7 potions of flight
 v - 3 potions of agility
 w - 2 potions of lignification {unknown}
 z - a potion of invisibility
 C - a potion of ambrosia {unknown}
 Q - a potion of mutation {unknown}
 T - 2 potions of brilliance {unknown}
Books
 L - a book of Cantrips

   Spells                             Type                      Level
   a - Confusing Touch                Hexes                        1
   b - Animate Skeleton               Necromancy                   1
   c - Summon Small Mammal            Summoning                    1
   d - Apportation                    Translocation                1
 V - a book of Geomancy

   Spells                             Type                      Level
   a - Sandblast                      Earth                        1
   b - Passwall                       Transmutation/Earth          2
   c - Stone Arrow                    Conjuration/Earth            3
   d - Petrify                        Transmutation/Earth          4
   e - Lee's Rapid Deconstruction     Earth                        5
Comestibles
 f - 21 rations


   Skills:
 + Level 9.9 Fighting
 + Level 7.1(7.5) Axes
 - Level 3.7(6.2) Maces & Flails
 + Level 9.9 Armour
 + Level 7.0 Dodging
 + Level 9.9 Shields


You had 11 spell levels left.
You didn't know any spells.

Dungeon Overview and Level Annotations

Branches:
Dungeon (9/15)             Temple (1/1) D:4
   Lair: D:8-11         Orc: D:9-12

Altars:
Ashenzari
Cheibriados
Dithmenos
Elyvilon
Fedhas
Gozag
Hepliaklqana
Kikubaaqudgha
Makhleb
Nemelex Xobeh
Okawaru
Qazlal
Ru
Sif Muna
Trog
Uskayaw
Vehumet
Wu Jian
Xom
Yredelemnul
Zin
The Shining One

Annotations:
D:9 Hebeh's ghost, novice DDFi


Innate Abilities, Weirdness & Mutations

You are resistant to torment.
Your stone body is resilient. (AC +8)
You are immune to poison.
You resist negative energy. (rN+)
You are resistant to electric shocks. (rElec)
You can survive without breathing.
You are immune to petrification.
You are immune to rotting.


Message History

Killing monsters will force the Abyss to allow you passage.
This branch contains the abyssal rune of Zot.
You're wearing all the rings you can.
Remove which one? (? for menu, Esc to cancel) < or
h - a +2 ring of strength; > or
t - a ring of positive energy You remove your +2 ring of strength.
You feel weaker.
o - a ring of stealth (left hand)
Found 9 sling bullets.
Found a great sword.
Found a scroll of teleportation.
That item cannot be evoked!
A lich comes into view.
The lich shouts!
The lich points at you and mumbles some strange words.
The bolt of fire hits you!
The lich gestures at you while chanting.
The bolt of fire hits you!
Ouch! That really hurt!
You die...

## ####. ## # ..
#.##.. ...# ##.#
#...#.####.#..##
#...# #..##..#..
#...
#...##...##....##.#
# # ..L#...........
..#..
#.#.######?#.##.#
.. #.##>.# #
#....#. . ##@.#
##..#....# #..#.#
#.≈ #.###. ....# .#
#. ...'... #.### .#
.≈.#. ... #. #.
##....##. .
#........ ##
#........ ## '#..
....##.


You could see a lich.

Vanquished Creatures
  Erolcha (D:8)
  2 two-headed ogres (D:9)
  The ghost of Ethylacetat the Carver, a novice DsFi of Jiyva (D:8)
  2 orc knights (D:7)
  Pikel (D:5)
  A cyclops (D:9)
  Joseph (D:9)
  A troll (D:8)
  3 hippogriffs (D:9)
  Sigmund (D:6)
  4 hogs (D:8)
  3 humans
  A hungry ghost (D:9)
  14 wargs (D:7)
  7 orc warriors
  3 ice beasts
  2 sky beasts
  5 ogres
  A slave (D:4)
  A phantom (D:9)
  7 centaurs
  5 big kobolds
  4 bullfrogs
  2 scorpions (D:9)
  A water moccasin skeleton (D:5)
  7 killer bees
  5 howler monkeys
  5 crimson imps
  A quasit (D:8)
  A bullfrog zombie (D:9)
  7 hounds
  7 orc priests
  A centaur skeleton (D:9)
  4 bullfrog skeletons
  4 iguanas (D:9)
  5 orc wizards
  10 worker ants
  A hound skeleton (D:6)
  A worker ant zombie (D:6)
  A howler monkey zombie (D:9)
  7 gnolls
  A howler monkey skeleton (D:4)
  7 adders
  An ooze (Sewer)
  2 adder zombies
  3 adder skeletons
  4 worms
  A dart slug (D:3)
  7 leopard geckos
  69 orcs
  12 bats
  2 bat zombies (D:1)
  10 giant cockroaches
  A goblin (D:3)
  6 hobgoblins
  6 jackals
  2 quokkas
  3 ball pythons
  7 frilled lizards
  22 kobolds
  12 rats
  A plant (D:7)
320 creatures vanquished.

Vanquished Creatures (others)
  An orc priest (D:5)
  An orc wizard (D:5)
  A giant cockroach (D:5)
3 creatures vanquished.

Grand Total: 323 creatures vanquished

Notes
Turn   | Place    | Note
-------+----------+-------------------------------------------
     0 | D:1      | shadizar the Gargoyle Fighter began the quest for the Orb.
     0 | D:1      | Reached XP level 1. HP: 14/14 MP: 1/1
   348 | D:1      | Reached XP level 2. HP: 12/19 MP: 2/2
   744 | D:2      | Reached XP level 3. HP: 23/23 MP: 3/3
   847 | D:2      | Found a white marble altar of Elyvilon.
   905 | D:2      | Found a faded altar of an unknown god.
  1104 | D:2      | Found an ancient bone altar of Kikubaaqudgha.
  1177 | D:2      | Found a deep blue altar of Sif Muna.
  1435 | D:2      | Reached skill level 1 in Dodging
  1570 | D:3      | Reached XP level 4. HP: 20/29 MP: 4/4
  1621 | D:3      | Found a glowing drain.
  1692 | Sewer    | Entered a sewer
  1710 | Sewer    | Noticed a big kobold
  1719 | Sewer    | Killed a big kobold
  1719 | Sewer    | Reached XP level 5. HP: 33/33 MP: 5/5
  1876 | Sewer    | Noticed a big kobold
  1894 | Sewer    | Killed a big kobold
  1894 | Sewer    | Reached XP level 6. HP: 25/38 MP: 6/6
  2119 | D:3      | Found a glowing golden altar of the Shining One.
  2698 | D:4      | Found a staircase to the Ecumenical Temple.
  2707 | Temple   | Entered the Ecumenical Temple
  2852 | D:4      | Reached XP level 7. HP: 6/44 MP: 7/7
  3189 | D:4      | Found a hide-covered altar of Uskayaw.
  3346 | D:4      | Found a radiant altar of Vehumet.
  3469 | D:4      | Reached skill level 5 in Fighting
  3469 | D:4      | Reached skill level 5 in Shields
  3473 | D:4      | Reached skill level 1 in Axes
  3579 | D:4      | Found a stormy altar of Qazlal.
  3764 | D:5      | Entered Level 5 of the Dungeon
  3766 | D:5      | Noticed Pikel
  3778 | D:4      | Reached skill level 5 in Armour
  4015 | D:5      | Killed Pikel
  4015 | D:5      | Reached XP level 8. HP: 51/51 MP: 8/8
  4308 | D:5      | Found a sparkling altar of Nemelex Xobeh.
  4660 | D:6      | Found a sacrificial altar of Ru.
  4838 | D:6      | Noticed Sigmund
  4846 | D:6      | Killed Sigmund
  4846 | D:6      | Reached XP level 9. HP: 56/56 MP: 9/9
  5463 | D:7      | Got a slimy dagger
  5663 | D:7      | Reached skill level 5 in Dodging
  5663 | D:7      | Reached XP level 10. HP: 47/63 MP: 10/10
  6347 | D:8      | Reached skill level 5 in Axes
  6551 | D:8      | Found a burning altar of Makhleb.
  6551 | D:8      | Noticed a blizzard demon
  6640 | D:8      | Noticed Ethylacetat's ghost (novice DsFi)
  7409 | D:8      | Found a snail-covered altar of Cheibriados.
  7483 | D:9      | Noticed Erolcha
  7497 | D:8      | Killed Erolcha
  7728 | D:9      | Reached XP level 11. HP: 54/69 MP: 11/11
  8240 | D:9      | Found an iron altar of Okawaru.
  8249 | D:9      | Became a worshipper of Warmaster Okawaru
  8426 | D:9      | Noticed Hebeh's ghost (novice DDFi)
  8579 | D:9      | Noticed a two-headed ogre
  8593 | D:9      | Killed a two-headed ogre
  8593 | D:9      | Reached * piety under Okawaru
  8690 | D:9      | Found a runed door.
  8713 | D:9      | Noticed Joseph
  8741 | D:9      | Killed Joseph
  8772 | D:9      | Noticed a cyclops
  8775 | D:9      | Reached ** piety under Okawaru
  8789 | D:9      | Killed a cyclops
  8796 | D:9      | Found the +27 Lear's hauberk
  8798 | D:9      | Noticed a two-headed ogre
  8911 | D:9      | Killed a two-headed ogre
  8939 | D:9      | Reached *** piety under Okawaru
  8946 | D:9      | Found a runed door.
  9214 | D:8      | Killed Ethylacetat's ghost
  9275 | D:7      | Noticed an orc knight
  9304 | D:7      | Killed an orc knight
  9336 | D:7      | Noticed an orc knight
  9370 | D:7      | Killed an orc knight
  9509 | D:7      | Reached XP level 12. HP: 46/77 MP: 9/12
  9897 | D:7      | Got an ancient scimitar
  9904 | D:7      | Identified the +5 dagger of Profit {distort, Str+6} (You found it on level 7 of the Dungeon)
  9905 | D:7      | Identified the +5 scimitar "Gargoyle's Peril" {flame, -Tele +Rage rN+++ Int-5} (You found it on level 7 of the Dungeon)
  9905 | D:7      | Cast into level 3 of the Abyss (a distortion unwield)
  9931 | Abyss:3  | Noticed a lich
  9932 | Abyss:3  | Killed from afar by a lich

Skill      XL: |  1  2  3  4  5  6  7  8  9 10 11 |
---------------+----------------------------------+-----
Dodging        | 1 2 3 4 5 6 7 |  7.0
Fighting       | 4 5 6 7 8 9 |  9.9
Armour         | 4 5 6 7 8 9 |  9.9
Shields        | 4 5 6 7 8 9 |  9.9
Maces & Flails | 3 |  3.7
Axes           | 2 3 4 5 7 |  7.1

Action                   |  1- 3 |  4- 6 |  7- 9 | 10-12 || total
-------------------------+-------+-------+-------+-------++-------
Melee: Flail             |   178 |   249 |     1 |       ||   428
       War axe           |       |       |   289 |   569 ||   858
Invok: Heroism           |       |       |       |     5 ||     5
Evoke: Wand              |       |       |     5 |       ||     5
  Use: Scroll            |       |     8 |     6 |     9 ||    23
       Potion            |       |     1 |     3 |     2 ||     6
 Stab: Paralysed         |       |       |     6 |       ||     6
  Eat: Chunk             |     2 |     5 |     6 |    17 ||    30
       Ration            |       |       |     1 |       ||     1
Armor: Scale mail        |   120 |     8 |       |       ||   128
       Chain mail        |       |   210 |   183 |   124 ||   517
       Plate armour      |       |       |       |   269 ||   269
Dodge: Dodged            |    74 |    87 |    94 |   186 ||   441
Block: Shield            |   120 |   197 |   178 |   409 ||   904
